 Dungeon Crawl Stone Soup version 0.23.1 (webtiles) character file.

Game seed: 16624953037511878967

84 Chiseanne the Skirmisher (level 4, -5/30 HPs)
             Began as a Halfling Wanderer on Mar 7, 2019.
             Slain by an orc priest
             ... wielding a +0 flail
              (12 damage)
             ... on level 3 of the Dungeon.
             The game lasted 00:06:23 (2751 turns).

Chiseanne the Skirmisher (Halfling Wanderer)        Turns: 2751, Time: 00:06:23

Health: -5/30      AC:  4    Str: 12    XL:     4   Next: 72%
Magic:  4/4        EV: 15    Int: 10    God:
Gold:   75         SH:  0    Dex: 15    Spells: 3/3 levels left

rFire    . . .     SeeInvis .   o - +2 trident (freeze)
rCold    . . .     Gourm    .   (shield currently unavailable)
rNeg     . . .     Faith    .   k - +0 leather armour
rPois    .         Spirit   .   h - +0 helmet
rElec    .         Reflect  .   (no cloak)
rCorr    .         Harm     .   (no gloves)
MR       .....                  (no boots)
Stlth    +.........             (no amulet)
HPRegen  0.10/turn              (no ring)
MPRegen  0.09/turn              (no ring)

@: hasted, very quick
A: small, mutation resistance 1
a: no special abilities


You were on level 3 of the Dungeon.
You were not hungry.

You visited 1 branch of the dungeon, and saw 3 of its levels.

You collected 75 gold pieces.

Inventory:

Hand Weapons
 c - a +0 club
 o - a +2 trident of freezing (weapon)
 w - a +0 hunting sling
Missiles
 e - 63 stones (quivered)
 g - 2 tomahawks
 i - 37 sling bullets
Armour
 h - a +0 helmet (worn)
 k - a +0 leather armour (worn)
Scrolls
 b - a scroll of teleportation
Comestibles
 a - a chunk of flesh
 f - 3 rations


   Skills:
 * Level 2.8 Fighting
 - Level 2.6 Polearms
 * Level 0.3(1.8) Slings
   Level 1.1 Crossbows
 - Level 2.0 Throwing
 + Level 2.4 Armour
 * Level 2.7 Dodging


You had 3 spell levels left.
You didn't know any spells.
Your spell library was empty.

Dungeon Overview and Level Annotations

Branches:
Dungeon (3/15)

Altars:
Sif Muna


Innate Abilities, Weirdness & Mutations

You are small and have problems with some larger weapons.
You are somewhat resistant to further mutation.


Message History

You hit the orc priest. You freeze the orc priest.
The orc priest is lightly wounded.
The orc closely misses you. The orc misses you.
The orc priest closely misses you. The orc closely misses you.
The orc hits you with a +0 dagger.
You hit the orc priest but do no damage.
The orc priest is lightly wounded.
The orc hits you with a +0 short sword. The orc closely misses you.
The orc barely misses you.
The orc priest hits you with a +0 flail!
* * * LOW HITPOINT WARNING * * *
The orc barely misses you.
You feel yourself speed up. The orc closely misses you.
You hit the orc. You freeze the orc.
The orc is moderately wounded.
The orc barely misses you.
You barely miss the orc.
The orc is moderately wounded.
The orc priest hits you with a +0 flail!
You die...

### #....#
###.###
##.#.#
..####....#
..'.......#
.####o...##
#o.o...#
#o###..#
#..@o..#
#..###.#
#..# .#
#..# .#
#... ##.#
#.# #.#


You could see an orc priest and an orc.

Vanquished Creatures
  Robin (D:1)
  2 adders (D:2)
  An ooze (D:2)
  3 worms
  2 bats (D:2)
  A giant cockroach (D:1)
  11 goblins
  8 hobgoblins
  A ball python (D:2)
  2 frilled lizards
  3 kobolds (D:2)
  6 rats
41 creatures vanquished.

Notes
Turn   | Place    | Note
-------+----------+-------------------------------------------
     0 | D:1      | Chiseanne the Halfling Wanderer began the quest for the
                  | Orb.
     0 | D:1      | Chiseanne set off with the following items: a +2 spear, a
                  | scroll of teleportation, a potion of curing, a +0 robe, a
                  | ration
     0 | D:1      | Reached XP level 1. HP: 14/14 MP: 1/1
   411 | D:1      | Reached XP level 2. HP: 19/19 MP: 2/2
   908 | D:2      | Reached XP level 3. HP: 22/24 MP: 3/3
   915 | D:2      | Noticed Robin
  1392 | D:1      | Killed Robin
  1392 | D:1      | Reached XP level 4. HP: 4/30 MP: 4/4
  2569 | D:2      | Found a deep blue altar of Sif Muna.
  2751 | D:3      | Slain by an orc priest

Skill      XL: |  1  2  3 |
---------------+----------+-----
Fighting       | 2 |  2.8
Dodging        | 2 |  2.7
Armour         | 2 |  2.4
Polearms       | |  2.6
Slings         | |  0.3
Crossbows      | |  1.1
Throwing       | |  2.0

Action                   |  1- 3 |  4- 6 || total
-------------------------+-------+-------++-------
Melee: Spear             |    87 |    37 ||   124
       Trident           |       |    11 ||    11
  Use: Potion            |     3 |     1 ||     4
       Scroll            |       |     3 ||     3
  Eat: Chunk             |     1 |     5 ||     6
Armor: Leather armour    |     8 |     8 ||    16
       Skin              |     5 |       ||     5
Dodge: Dodged            |    67 |    43 ||   110
